 Dungeon Crawl Stone Soup version 0.19.5 (webtiles) character file.

34 Gargoyl the Skirmisher (level 3, -1/33 HPs)
             Began as a Ghoul Abyssal Knight on Apr 14, 2017.
             Was a Follower of Lugonu.
             Slain by Sigmund
             ... wielding a +0 scythe
              (7 damage)
             ... on level 2 of the Dungeon.
             The game lasted 00:02:26 (1069 turns).

Gargoyl the Skirmisher (Ghoul Abyssal Knight)       Turns: 1069, Time: 00:02:27

Health: -1/33      AC:  3    Str: 15    XL:     3   Next: 31%
Magic:  0/4        EV: 11    Int:  7    God:    Lugonu [*.....]
Gold:   80         SH:  0    Dex:  9    Spells: 0 memorised, 2 levels left

rFire  . . .     SeeInvis .     a - +1 hand axe
rCold  + . .     Gourm    .     b - +0 leather armour
rNeg   + + +     Faith    .     (no shield)
rPois  ∞         Spirit   +     (no helmet)
rElec  .         Reflect  .     (no cloak)
rCorr  .         Harm     .     (no gloves)
MR     .....                    (no boots)
Stlth  ..........               d - amulet of guardian spirit
                                (no ring)
                                (no ring)

@: confused, rotting
A: rotting body, claws 1, carnivore 3, cold resistance 1, negative energy
resistance 3, slow regeneration 1, torment resistance, unbreathing
a: Depart the Abyss, Renounce Religion


You were on level 2 of the Dungeon.
You worshipped Lugonu.
Lugonu was aware of your devotion.
You were not hungry.

You visited 1 branch of the dungeon, and saw 2 of its levels.
You visited the Abyss 1 time.

You collected 80 gold pieces.

Inventory:

Hand Weapons
 a - a +1 hand axe (weapon)
Armour
 b - a +0 leather armour (worn)
Jewellery
 d - an amulet of guardian spirit (around neck)
Scrolls
 h - a scroll of identify {unknown}
 i - a scroll of blinking
 k - 2 scrolls of immolation {unknown}
Comestibles
 c - 2 meat rations
 f - a chunk of flesh
 g - a royal jelly


   Skills:
 + Level 3.8 Fighting
 + Level 2.0 Axes
 * Level 2.1 Armour
 + Level 1.0 Dodging
 * Level 2.7 Invocations


You had 2 spell levels left.
You didn't know any spells.

Dungeon Overview and Level Annotations

Branches:
Dungeon (2/15)

Altars:

Annotations:
D:2 Sigmund


Innate Abilities, Weirdness & Mutations

Your body is rotting away.
You thrive on raw meat.
You are immune to poison.
You have sharp fingernails.
You are carnivorous and can eat meat at any time.
Your flesh is cold resistant. (rC+)
You are immune to negative energy. (rN+++)
You regenerate slowly when monsters are visible.
You are immune to unholy pain and torment.
You can survive without breathing.


Message History

You are more confused.
You bump into the rock wall.
Something hits you.
You bump into the rock wall.
Something hits you! Something hits you!
* * * LOW HITPOINT WARNING * * *
You bump into the rock wall.
You hear some strange, mumbled words.
You are more confused.
You bump into the rock wall.
You hear some strange, mumbled words.
You are more confused.
A puff of flame appears from out of thin air!
The puff of flame misses you.
You're too confused to move!
You bump into the rock wall.
You hear some strange, mumbled words.
You are more confused.
You bump into the rock wall.
You bump into the rock wall.
Something hits you!
You die...

# #
#########
###
#.......#
#..
#+##.#..#
#.#
####.#
#.# #.@#
#.# ##.#
#.# #.#
#.# #.#
#.. #.#
##. #(#
#. #.# #.
#.# #.
#.# #.


There were no monsters in sight!

Vanquished Creatures
  A dart slug (D:1)
  2 bats (D:2)
  3 giant cockroaches
  3 goblins
  2 hobgoblins
  7 jackals
  3 kobolds
  3 ball pythons (D:2)
  3 frilled lizards (D:1)
  2 rats (D:2)
29 creatures vanquished.

Notes
Turn   | Place    | Note
-------+----------+-------------------------------------------
     0 | Abyss:1  | Gargoyl the Ghoul Abyssal Knight began the quest for the Orb.
     0 | Abyss:1  | Reached XP level 1. HP: 19/19 MP: 1/1
    54 | Abyss:1  | Noticed a rakshasa
    60 | Abyss:2  | Found a corrupted altar of Lugonu.
   109 | Abyss:3  | Noticed a flying skull
   114 | D:1      | Escaped the Abyss
   199 | D:1      | Reached XP level 2. HP: 6/26 MP: 0/2
   400 | D:1      | Reached * piety under Lugonu
   771 | D:2      | Reached XP level 3. HP: 28/33 MP: 3/3
   871 | D:2      | Reached skill level 1 in Dodging
  1042 | D:2      | Noticed Sigmund
  1069 | D:2      | Slain by Sigmund

Skill      XL: |  1  2  3 |
---------------+----------+-----
Armour         | 2 |  2.1
Axes           | 2 |  2.0
Dodging        | 1 |  1.0
Fighting       | |  3.8
Invocations    | |  2.7

Action                   || total
-------------------------++-------
Melee: Hand axe          ||    94
Invok: Depart the Abyss  ||     1
  Use: Scroll            ||     2
       Potion            ||     2
  Eat: Chunk             ||    11
Armor: Leather armour    ||    39
Dodge: Dodged            ||    78
